AoeStats
← LM | TornardoBriese

African Clearing

504338153Analyzed
4v4 RM · 27d ago on Sep 4, 2026· 55m 25s· 8 players
Game mode
Random Map
Map size
Large (8 player)
Population
200
Speed
Normal
Resources
Standard
Victory
Conquest
Starting age
Dark Age
Ending age
Imperial Age
RankedLock teamsTeams togetherTeam positionsShared explorationLock speedFull tech treeHidden civsTurbo modeCheats
Victory
Defeat
🇩🇪 Byzantines · Germany
1666
+9
🇩🇪 Cumans · Germany
1540
+14
🇨🇭 Japanese · Switzerland
1445
+18
🇩🇪 Vikings · Germany
1249
+26
🇺🇸 Mongols · United States
1554
-19
🇨🇱 Sicilians · Chile
1494
-17
🇦🇷 Celts · Argentina
1467
-16
🇨🇱 Britons · Chile
1449
-15
Vicky R
8:24 Loom
12:46 Feudal Age
13:27 Double-Bit Axe
13:23 Horse Collar
19:07 Wheelbarrow
21:44 Fletching
25:43 Castle Age
23:50 Scale Barding Armor
23:56 Forging
23:46 Gold Mining
24:41 Bloodlines
26:47 Chain Barding Armor
27:00 Bow Saw
27:29 Iron Casting
27:24 Heavy Plow
34:11 Stone Mining
38:27 Imperial Age
36:51 Hand Cart
36:39 Town Watch
37:58 Masonry
38:29 Cavalier
39:46 Plate Barding Armor
42:06 Blast Furnace
42:23 Light Cavalry
43:02 Capped Ram
47:15 Two-Man Saw
45:57 Siege Ram
48:49 Town Patrol
49:51 Ballistics
50:39 Crop Rotation
50:18 Paladin
52:08 Conscription
53:15 Hussar
54:54 Gold Shaft Mining
55:43 Chemistry
55:55 Bodkin Arrow
56:02 Padded Archer Armor
LM | Scogx
13:27 Feudal Age
12:39 Loom
14:26 Feudal Age
18:40 Castle Age
16:37 Double-Bit Axe
16:35 Fishing Lines
17:17 Horse Collar
18:23 Horse Collar
19:50 Bow Saw
23:39 Wheelbarrow
26:11 Hand Cart
26:08 Heavy Plow
26:11 Stone Mining
28:31 Gold Mining
29:17 Stone Shaft Mining
33:42 Imperial Age
31:25 Padded Archer Armor
31:17 Fletching
32:27 Gold Shaft Mining
32:02 Scale Barding Armor
32:28 Forging
33:43 Chain Barding Armor
34:31 Iron Casting
34:37 Husbandry
34:00 Heavy Camel Rider
34:56 Logistica
35:49 Plate Barding Armor
36:36 Conscription
35:47 Elite Cataphract
41:49 Hoardings
41:14 Murder Holes
45:20 Two-Man Saw
45:15 Bodkin Arrow
45:42 Ballistics
46:23 Chemistry
46:26 Bracer
LM | TornardoBriese
12:18 Feudal Age
16:24 Castle Age
14:46 Double-Bit Axe
15:03 Loom
15:53 Horse Collar
17:28 Fletching
26:18 Bloodlines
26:49 Crossbowman
28:43 Bodkin Arrow
28:56 Padded Archer Armor
29:55 Wheelbarrow
30:03 Husbandry
30:49 Ballistics
40:51 Imperial Age
41:07 Imperial Age
41:24 Gold Mining
42:41 Thumb Ring
43:13 Parthian Tactics
44:15 Conscription
44:19 Heavy Cavalry Archer
46:16 Chemistry
47:17 Hand Cart
50:04 Elite Skirmisher
51:08 Light Cavalry
52:07 Bracer
54:46 Heavy Plow
Secret_jed
15:01 Feudal Age
18:37 Castle Age
16:54 Double-Bit Axe
22:35 Bow Saw
27:35 Ballistics
27:10 Crossbowman
27:47 Fletching
28:52 Bodkin Arrow
28:58 Padded Archer Armor
30:49 Horse Collar
33:03 Heavy Plow
35:41 Imperial Age
37:33 Chemistry
36:42 Bracer
36:57 Leather Archer Armor
38:19 Arbalester
39:12 Gold Mining
40:32 Conscription
40:31 Bogsveigar
44:01 Siege Engineers
47:32 Heavy Scorpion
50:37 Capped Ram
53:14 Two-Man Saw
AML4554
7:34 Loom
12:33 Feudal Age
17:47 Castle Age
15:37 Double-Bit Axe
16:23 Fletching
16:56 Horse Collar
18:33 Bodkin Arrow
18:54 Bow Saw
22:07 Padded Archer Armor
25:13 Wheelbarrow
25:15 Ballistics
28:05 Leather Archer Armor
29:56 Husbandry
31:17 Bloodlines
32:09 Thumb Ring
38:39 Hand Cart
42:03 Stone Mining
42:07 Gold Mining
45:26 Imperial Age
45:20 Gold Shaft Mining
45:21 Stone Shaft Mining
46:41 Parthian Tactics
45:39 Elite Mangudai
46:42 Conscription
46:25 Bracer
47:29 Hoardings
47:56 Chemistry
47:10 Masonry
49:13 Capped Ram
50:26 Drill
50:12 Siege Ram
LaWeá
10:13 Loom
15:05 Feudal Age
20:20 Castle Age
28:40 Double-Bit Axe
29:29 Husbandry
29:53 Forging
30:48 Bloodlines
31:44 Scale Barding Armor
32:51 Iron Casting
34:41 Scale Mail Armor
35:01 Chain Barding Armor
40:28 Imperial Age
39:35 First Crusade
40:01 Chain Mail Armor
39:48 Squires
39:35 Arson
41:55 Hauberk
43:32 Fletching
43:42 Padded Archer Armor
43:21 Elite Skirmisher
44:39 Siege Engineers
44:57 Ballistics
45:37 Chemistry
45:02 Bodkin Arrow
45:23 Leather Archer Armor
47:02 Bracer
50:41 Pikeman
51:15 Light Cavalry
ZZZzzzzz....
11:03 Loom
13:34 Feudal Age
17:50 Castle Age
16:08 Double-Bit Axe
18:50 Bow Saw
20:14 Horse Collar
22:41 Wheelbarrow
25:40 Hand Cart
25:51 Gold Mining
25:51 Stone Mining
26:34 Stone Mining
27:54 Gold Shaft Mining
27:22 Heavy Plow
28:13 Fletching
29:09 Town Watch
29:43 Bodkin Arrow
30:23 Padded Archer Armor
29:51 Crossbowman
33:37 Imperial Age
31:58 Leather Archer Armor
32:13 Ballistics
34:20 Bracer
34:51 Ring Archer Armor
35:37 Chemistry
34:14 Arbalester
35:39 Conscription
38:06 Two-Man Saw
38:36 Scale Mail Armor
38:46 Forging
39:23 Pikeman
40:03 Squires
40:20 Chain Mail Armor
40:12 Halberdier
41:29 Iron Casting
43:46 Plate Mail Armor
44:17 Blast Furnace
43:38 Warwolf
49:21 Yeomen
Teyo
3:26 Loom
13:31 Feudal Age
14:24 Double-Bit Axe
19:31 Castle Age
18:15 Stone Mining
19:12 Scale Mail Armor
19:27 Horse Collar
20:04 Forging
21:18 Heavy Plow
26:55 Arson
30:32 Fletching
35:27 Chain Mail Armor
36:17 Wheelbarrow
36:29 Herbal Medicine
36:45 Gold Mining
42:17 Gold Shaft Mining
44:24 Hand Cart
45:19 Iron Casting
45:09 Ballistics
44:51 Town Watch
45:37 Gambesons
50:34 Imperial Age
48:55 Bodkin Arrow
49:07 Pikeman
49:32 Gambesons
51:14 Halberdier
52:32 Bow Saw
53:56 Plate Mail Armor
54:26 Blast Furnace
53:59 Plate Mail Armor
52:53 Halberdier
53:51 Elite Woad Raider
56:16 Conscription
Connection lost

Rejoining the realm…

Still unreachable

The connection could not be restored.

Session expired

The server has moved on; the page needs a fresh start.